 Dungeon Crawl Stone Soup version 0.31.0-12-g77e489cdc1 (webtiles) character file.

Game seed: 13364973686767444161

96 Silvore the Trooper (level 4, -4/41 HPs)
             Began as a Minotaur Fighter on Feb 29, 2024.
             Slain by an orc warrior
             ... wielding a +0 battleaxe
              (5 damage)
             ... on level 3 of the Dungeon.
             The game lasted 00:01:44 (1440 turns).

Silvore the Trooper (Minotaur Fighter)              Turns: 1440, Time: 00:01:46

Health: -4/41      AC:  8    Str: 22    XL:     4   Next: 41%
Magic:  3/3        EV:  9    Int:  5    God:
Gold:   130        SH:  4    Dex: 10    Spells: 3/3 levels left

rFire   . . .        a - +1 flail (heavy)
rCold   . . .        c - +0 buckler
rNeg    . . .        b - +0 scale mail
rPois   .            (helmet restricted)
rElec   .            (no cloak)
rCorr   .            (no gloves)
SInv    .            f - +0 pair of boots
Will    .....        (no amulet) Stlth
                     (no ring)
HPRegen 0.26/turn    (no ring)
MPRegen 0.08/turn

%: no passive effects
@: no status effects
A: horns 2, retaliatory headbutt
a: no special abilities


You were on level 3 of the Dungeon.
You visited 1 branch of the dungeon, and saw 3 of its levels.

You collected 130 gold pieces.

Inventory:

Hand Weapons
 a - a +1 heavy flail (weapon)
Armour
 b - a +0 scale mail (worn)
 c - a +0 buckler (worn)
 f - a +0 pair of boots (worn)
Jewellery
 l - a ring of resist corrosion
Scrolls
 g - a scroll of immolation
 j - a scroll of identify
Potions
 d - a potion of might
 e - a potion of mutation
 h - a potion of haste {unknown}
 i - a potion of curing {unknown}
 k - a potion of enlightenment {unknown}


   Skills:
 + Level 4.5 Fighting
 + Level 3.5 Maces & Flails
 + Level 4.5 Armour
 + Level 0.2 Dodging
 + Level 0.2 Stealth
 + Level 4.1 Shields


You had 3 spell levels left.
You didn't know any spells.
Your spell library contained the following spells:

 Spells                   Type           Power      Damage    Failure   Level
 Mercury Vapours          Alch/Air       0%         N/A       94%         2
 Mephitic Cloud           Conj/Alch/Air  0%         N/A       99%         3
 Passage of Golubria      Tloc           0%         N/A       100%        4
 Freezing Cloud           Conj/Ice/Air   0%         6-21      100%        5
 Silence                  Hex/Air        0%         N/A       100%        5
 Lehudib's Crystal Spear  Conj/Erth      0%         10d2      100%        8


Dungeon Overview and Level Annotations

Branches:
Dungeon (3/15)

Altars:


Innate Abilities, Weirdness & Mutations

You have a pair of horns on your head.
You reflexively headbutt those who attack you in melee.


Message History

You hit the hobgoblin. You headbutt the hobgoblin.
You kill the hobgoblin!
You now have 130 gold pieces (gained 9).
l - a ring of resist corrosion An endoplasm comes into view.
An endoplasm is nearby!
An endoplasm is nearby!
The endoplasm freezes you.
You are frozen.
You sock the endoplasm!
You kill the endoplasm!
An orc warrior and an orc come into view.
Found 12 gold pieces.
The orc warrior shouts!
The orc shouts!
An orc comes into view. It is wielding a +0 dagger.
The orc moves out of view.
There are monsters nearby!
There are monsters nearby!
The orc shouts!
The orc warrior hits you but does no damage.
You barely miss the orc warrior. You block the orc warrior's attack.
An orc comes into view. It is wielding a +0 dagger.
You closely miss the orc warrior. You headbutt the orc warrior!
The orc warrior is moderately wounded.
The orc closely misses you. You block the orc warrior's attack.
The orc barely misses you.
The orc warrior hits you with a +0 battleaxe!
You hit the orc warrior but do no damage.
The orc warrior is moderately wounded.
The orc hits you but does no damage. The orc warrior closely misses you.
You block the orc's attack.
The orc warrior hits you with a +0 battleaxe!
You closely miss the orc warrior.
The orc warrior is moderately wounded.
The orc hits you with a +0 club.
The orc warrior hits you with a +0 battleaxe!
* * * LOW HITPOINT WARNING * * *
The orc hits you but does no damage.
The orc warrior hits you with a +0 battleaxe.
You die...

..# ..# # ..# ##.## ##
..# #.... .# ..#######
#.#.# .. ........#
#.#.####. ........#
#.#.##o. . ........#
#.#.##o# ...
..#####.###.#.##@#....$
... #...........o..#
... ##.##.##########
... ####.# .... #.# #..
#.. #..# #...


You could see an orc warrior and 2 orcs.

Vanquished Creatures
  4 gnolls
  A dart slug (D:1)
  3 ball pythons
  9 endoplasms
  A giant cockroach (D:2)
  5 goblins
  7 hobgoblins
  2 jackals (D:2)
  4 quokkas
  7 bats
  2 kobolds (D:1)
  4 rats
49 creatures vanquished.

Notes
Turn   | Place    | Note
-------+----------+-------------------------------------------
     0 | D:1      | Silvore the Minotaur Fighter began the quest for the Orb.
     0 | D:1      | Reached XP level 1. HP: 19/19 MP: 0/0
    97 | D:1      | Reached XP level 2. HP: 19/27 MP: 1/1
   722 | D:2      | Reached XP level 3. HP: 33/33 MP: 2/2
  1115 | D:2      | Identified the +3 leather armour of the Imp {Stlth+}
  1265 | D:3      | Reached XP level 4. HP: 41/41 MP: 3/3
  1435 | D:3      | Noticed an orc warrior
  1440 | D:3      | HP: 1/41 [orc warrior/+0 battleaxe (14)]
  1440 | D:3      | Slain by an orc warrior

Illustrated notes

Levels and vault maps discovered:
D:1:      grunt_arrival_crossed_arrows, layout_basic
D:2:      layout_basic, cheibrodos_gnoll_hut
D:3:      layout_loops_cross, mainiacjoe_overflow_chevrons,
          mainiacjoe_overflow_swirl, roderic_roman_lattice, uniq_ijyb,
          uniq_grinder

Skill      XL: |  1  2  3 |
---------------+----------+-----
Armour         | 4 |  4.5
Fighting       | 4 |  4.5
Maces & Flails | 3 |  3.5
Shields        | 4 |  4.1
Dodging        | |  0.2
Stealth        | |  0.2

Action                     |  1- 3 |  4- 6 || total
---------------------------+-------+-------++-------
  Melee: Flail             |    80 |    13 ||    93
         Headbutt          |    18 |     3 ||    21
    Use: Scroll            |     6 |       ||     6
 Armour: Scale mail        |    57 |    11 ||    68
  Dodge: Dodged            |    41 |     5 ||    46
  Block: Buckler           |    17 |     6 ||    23
